 Dungeon Crawl Stone Soup version 0.30-a0-738-g116ff8c4af (webtiles) character file.

Game seed: 12937809604604814314

428 kae the Changer (level 6, 0/43 HPs)
             Began as a Demonspawn Transmuter on Feb 3, 2023.
             Slain by a gnoll
             ... wielding a +0 flail
              (4 damage)
             ... on level 4 of the Dungeon.
             The game lasted 00:04:14 (3704 turns).

kae the Changer (Demonspawn Transmuter)             Turns: 3704, Time: 00:04:15

Health: 0/43       AC:  2    Str: 11    XL:     6   Next: 65%
Magic:  5/11       EV: 19    Int: 16    God:
Gold:   119        SH:  0    Dex: 18    Spells: 1/11 levels left

rFire   . . .      SeeInvis .      - Unarmed
rCold   . . .      Faith    .    (shield currently unavailable)
rNeg    . . .      Spirit   .    (body armour currently unavailable)
rPois   x          Reflect  .    (helmet currently unavailable)
rElec   .          Harm     .    (cloak currently unavailable)
rCorr   .          Rampage  .    (gloves currently unavailable)
Will    .....                    (boots currently unavailable)
Stlth   ++                       A - amulet of the acrobat
HPRegen 0.27/turn                L - ring of flight
MPRegen 0.24/turn                (no ring)

@: spider-form, wereblooded, flying
A: venomous fangs, tiny, (slimy green scales 2), magic regeneration
a: End Transformation


You were on level 4 of the Dungeon.
You were a venomous arachnid creature.
You visited 1 branch of the dungeon, and saw 4 of its levels.
You also visited: Sewer.

You collected 184 gold pieces.
You spent 65 gold pieces at shops.


Innate Abilities, Weirdness & Mutations

You are a venomous arachnid creature.
You have venomous fangs.
You are tiny and dextrous.
Your spellcasting is less reliable in this form.
Your armour is entirely melded.
You are incapable of wielding weapons or throwing items.
((You are mostly covered in slimy green scales. (AC +3)))
You regenerate magic rapidly.


   Skills:
 - Level 1.0 Fighting
 - Level 1.7 Dodging
 + Level 3.9 Unarmed Combat
 + Level 3.3 Spellcasting
 * Level 4.3 Transmutations
 * Level 1.4 Ice Magic
 - Level 2.0 Poison Magic


You had one spell level left.
You knew the following spells:

 Your Spells              Type           Power      Damage    Failure   Level
a - Beastly Appendage     Tmut           32%        N/A       11%         1
b - Wereblood             Tmut           16%        N/A       14%         2
c - Spider Form           Tmut/Pois      12%        N/A       32%         3
d - Ice Form              Ice/Tmut       11%        N/A       71%         4

Your spell library contained the following spells:

 Spells                   Type           Power      Damage    Failure   Level
 Portal Projectile        Hex/Tloc       4%         N/A       69%         3
 Tukima's Dance           Hex            2%         N/A       69%         3
 Olgreb's Toxic Radiance  Pois           9%         N/A       80%         4
 Blade Hands              Tmut           8%         N/A       82%         5
 Ozocubu's Refrigeration  Ice            3%         4d8       100%        7
 Ignition                 Fire           1%         3d3       100%        8

Inventory:

Hand Weapons
 g - a +2 whip of electrocution (melded)
   (You found it on level 1 of the Dungeon)
Missiles
 c - 2 atropa-tipped darts
 d - 50 stones
 m - 3 boomerangs
 o - 3 poisoned darts
Armour
 a - a +1 robe (melded)
 t - a +2 hat (melded)
   (You found it on level 4 of the Dungeon)
Jewellery
 A - an amulet of the acrobat (around neck)
   (You found it on level 2 of the Dungeon)
 L - a ring of flight (left front pincers)
   (You found it on level 1 of the Dungeon)
Scrolls
 i - 4 scrolls of teleportation {@r4}
 l - a scroll of blinking {!r}
 n - a scroll of enchant armour
 q - a scroll of fear
 s - a scroll of enchant weapon {unknown}
Potions
 e - a potion of resistance {unknown}
 h - 2 potions of degeneration {!q}
 k - 2 potions of magic {unknown}
 p - a potion of mutation {unknown}
 r - a potion of cancellation {unknown}

Dungeon Overview and Level Annotations

Branches:
Dungeon (4/15) Zot: 20514   Sewer (visited)
 Temple: D:4-7

Altars:
Sif Muna
Lugonu

Shops:
D:1 ?   D:2 ?

Portals:
Abyss: D:3

Annotations:
D:3 2 transporters, MackTheKnife's ghost, amateur MeWn

##.###.#### #.##..##..#
..........# ...#.......
..........# ....#.......
^..)..)...# <....#.......
..........#......#.......
..........#..... #.....<.
########)## ######.###..#
##g####..##.....###
#gsg........###....
#...........#.#....
#.........###.#'#..
#.........#.....#..
#.........###.###..
##.######...#.#...# #.#
##..###..'# ...
........... .>.#))...


You could see 3 gnolls.


Message History

Things that are here:
a +0 dagger; a +0 robe; an orc corpse Key pressed, stopping explore.
Unknown command.
d - 50 stones (gained 5)
Found a stone staircase leading down.
There is a broken door here.
There is an open door here.
You pick up the Unrestrained Analects and begin reading...
You add the spells Olgreb's Toxic Radiance, Ozocubu's Refrigeration and Ignition to your library. 😎 HP[+19]
Your hp is fully restored (43).
There is an open door here.
A gnoll comes into view. It is wielding a +0 whip.
The gnoll shouts!
The gnoll moves out of view.
A gnoll comes into view. It is wielding a +0 flail.
A gnoll comes into view. It is wielding a +4 whip.
The gnoll moves out of view.
There are monsters nearby!
There are monsters nearby!
There are monsters nearby!
Casting: Spider Form (dangerous; 14% risk of failure)
Confirm with . or Enter, or press ? or * to list all spells.
You turn into a venomous arachnid creature.
Your +2 whip of electrocution melds into your body.
Your +2 hat melds into your body.
Your +1 robe melds into your body.
Your +2 whip of electrocution stops crackling.
The gnoll shouts!
A gnoll comes into view.
It is wielding a +2 flail of protection.
The gnoll shouts! 😎 MP[-3]
You lost 3 mp, and now have 8/11 mp.
You hit the gnoll.
The gnoll is poisoned.
The gnoll misses you.
You hit the gnoll.
The gnoll looks as sick as possible!
You kill the gnoll! 😎 MP[+1]
Your transformation is almost over.
You see here a +0 whip.
Casting: Spider Form (quite dangerous; 32% risk of failure)
Confirm with . or Enter, or press ? or * to list all spells.
You miscast Wereblood.
You are very lightly contaminated with residual magic.
Nothing appears to happen.
The gnoll barely misses you. x2 😎 MP[-2]
You lost 2 mp, and now have 7/11 mp.
The gnoll attacks as you move away! The gnoll barely misses you.
You see here a +0 whip. 😎 MP[+1]
The gnoll attacks as you move away!
The gnoll hits you with a +4 whip. 😕 HP[-2]
You take 2 damage, and now have 41/43 hp.
Casting: Wereblood (safe; 14% risk of failure)
Confirm with . or Enter, or press ? or * to list all spells.
Your blood is infused with primal strength.
The gnoll completely misses you. The gnoll closely misses you. 😕 MP[-1]
You lost 1 mp, and now have 7/11 mp.
You barely miss the gnoll. The gnoll hits you with a +4 whip!
The gnoll closely misses you.
You hit the gnoll.
The gnoll is poisoned.
Your transformation has ended.
Your +2 whip of electrocution unmelds from your body.
Your +2 hat unmelds from your body.
Your +1 robe unmelds from your body.
You hear the crackle of electricity.
The gnoll closely misses you.
Your magical contamination has completely faded away. 😕 HP[-8]
You take 8 damage, and now have 33/43 hp.
You completely miss the gnoll. The gnoll hits you with a +4 whip.
The gnoll hits you with a +2 flail of protection.
The gnoll barely misses you.
You are too injured to fight recklessly! 😮 HP[-8]
You take 8 damage, and now have 25/43 hp.
You are too injured to fight recklessly!
You are too injured to fight recklessly!
Unknown command.
Casting: Wereblood (safe; 4% risk of failure)
Confirm with . or Enter, or press ? or * to list all spells.
You turn into a venomous arachnid creature.
Your +2 whip of electrocution melds into your body.
Your +2 hat melds into your body.
Your +1 robe melds into your body.
Your +2 whip of electrocution stops crackling.
The gnoll hits you with a +4 whip.
* * * LOW HITPOINT WARNING * * *
The gnoll misses you.
The gnoll hits you with a +2 flail of protection!
* * * LOW HITPOINT WARNING * * *
The gnoll barely misses you.
The gnoll hits you with a +2 flail of protection!
* * * LOW HITPOINT WARNING * * *
The gnoll closely misses you. 😱 HP[-22] MP[-2]
You take 22 damage, and now have 3/43 hp.
MASSIVE DAMAGE!! (PAUSE)
You lost 2 mp, and now have 5/11 mp.
You barely miss the gnoll. The gnoll closely misses you. x2
The gnoll hits you with a +0 flail.
You die...

Skill      XL: |  1  2  3  4  5  6 |
---------------+-------------------+-----
Transmutations | 2 3 4 |  4.3
Unarmed Combat | 3 |  3.9
Poison Magic   | 1 2 |  2.0
Spellcasting   | 3 |  3.3
Ice Magic      | 1 |  1.4
Fighting       | |  1.0
Dodging        | |  1.7

Action                     |  1- 3 |  4- 6 || total
---------------------------+-------+-------++-------
  Melee: Unarmed           |    27 |    63 ||    90
         Kick              |    18 |     5 ||    23
         Headbutt          |     5 |       ||     5
         Whip              |    58 |   120 ||   178
         Punch             |     2 |     1 ||     3
   Cast: Beastly Appendage |    29 |     7 ||    36
         Spider Form       |       |    11 ||    11
         Wereblood         |       |     1 ||     1
    Use: Scroll            |     7 |     3 ||    10
         Potion            |       |     4 ||     4
   Stab: Sleeping          |       |     2 ||     2
 Armour: Robe              |    30 |    37 ||    67
         Skin              |       |    40 ||    40
  Dodge: Dodged            |    54 |   137 ||   191

Levels and vault maps discovered:
D:1:      wheals_arrival_linesprint, layout_basic, serial_shops,
          nicolae_lakefront_shop
D:2:      kb_forest_paths, layout_basic, serial_shops, nicolae_shop_statue_plus,
          basic_altar, nicolae_underground_beach
D:3:      minmay_evil_eye, layout_loops_ring,
          shapermc_ecumenical_altar_mp_urbaneastern, gammafunk_ghost_arena,
          cheibrodos_sewer_entry_sluice, amcnicky_altar_lugonu_corruption
D:4:      layout_gridville, minmay_a_box_with_orc_wizards_in_it

Notes
Turn   | Place    | Note
-------+----------+-------------------------------------------
     0 | D:1      | kae the Demonspawn Transmuter began the quest for the Orb.
     0 | D:1      | Reached XP level 1. HP: 15/15 MP: 3/3
     0 | D:1      | magus.rc [v1.11.3]
   147 | D:1      | Reached skill level 2 in Transmutations
   172 | D:1      | Gained mutation: You are partially covered in slimy green
                  | scales. (AC +2) [demonic ancestry]
   172 | D:1      | Reached XP level 2. HP: 20/21 MP: 3/5
   528 | D:1      | Reached skill level 3 in Unarmed Combat
   542 | D:1      | Found Geyfeh's Magic Scroll Shop.
   680 | D:1      | Reached XP level 3. HP: 26/26 MP: 4/6
   683 | D:1      | Learned a level 2 spell: Wereblood
   687 | D:1      | Learned a level 3 spell: Spider Form
  1127 | D:2      | Found a shimmering blue altar of Sif Muna.
  1382 | D:2      | Found Vigufia's Magic Scroll Emporium.
  1467 | D:2      | Bought a scroll of teleportation for 39 gold pieces
  1467 | D:2      | Bought a scroll of identify for 26 gold pieces
  1471 | D:2      | Identified a scroll of acquirement
  1471 | D:2      | Acquired a book of Weapons
  1472 | D:2      | You pick up a book of Weapons and begin reading...
  1472 | D:2      | You add the spells Tukima's Dance, Portal Projectile and
                  | Blade Hands to your library.
  1770 | D:2      | Reached skill level 3 in Transmutations
  1770 | D:2      | Reached skill level 1 in Poison Magic
  1770 | D:2      | Gained mutation: You are mostly covered in slimy green
                  | scales. (AC +3) [demonic ancestry]
  1770 | D:2      | Reached XP level 4. HP: 29/32 MP: 5/7
  2059 | D:3      | Found a glowing drain.
  2088 | Sewer    | Entered a sewer
  2149 | Sewer    | Noticed Pargi
  2159 | Sewer    | Killed Pargi
  2160 | Sewer    | Reached skill level 2 in Poison Magic
  2160 | Sewer    | Gained mutation: You regenerate magic rapidly. [demonic
                  | ancestry]
  2160 | Sewer    | Reached XP level 5. HP: 27/37 MP: 4/9
  2444 | D:3      | Reached skill level 3 in Spellcasting
  2482 | D:3      | Found a faded altar of an unknown god.
  2677 | D:3      | Found a transporter.
  2677 | D:3      | Noticed MackTheKnife's ghost (amateur MeWn)
  2681 | D:3      | Found a transporter.
  2885 | D:3      | Found a corrupted altar of Lugonu.
  2930 | D:3      | Found a one-way gate to the infinite horrors of the Abyss.
  3407 | D:4      | Reached XP level 6. HP: 43/43 MP: 7/10
  3412 | D:4      | Learned a level 4 spell: Ice Form
  3490 | D:4      | Reached skill level 4 in Transmutations
  3515 | D:4      | HP: 8/43 [orc wizard/+0 dagger (4)]
  3526 | D:4      | Reached skill level 1 in Ice Magic
  3667 | D:4      | You add the spells Olgreb's Toxic Radiance, Ozocubu's
                  | Refrigeration and Ignition to your library.
  3703 | D:4      | HP: 3/43 [gnoll/+2 flail of protection (8)]
  3704 | D:4      | Slain by a gnoll

Vanquished Creatures
  Pargi (Sewer)
  An iguana (D:4)
  6 orc wizards (D:4)
  A gnoll (D:4)
  3 adders
  5 worms (D:3)
  2 dart slugs
  5 orcs (D:3)
  12 ball pythons
  7 endoplasms
  9 giant cockroaches
  6 goblins
  10 hobgoblins
  2 jackals (D:3)
  6 quokkas
  8 bats
  5 frilled lizards
  8 kobolds
  5 rats
  A lurking horror (D:3)
103 creatures vanquished.

Vanquished Creatures (others)
  A fungus (D:3)
  5 plants (D:3)
6 creatures vanquished.

Grand Total: 109 creatures vanquished

Table legend:
 A = Non-vault XP
 B = Vault XP
 C = Vault XP percentage of total XP
 D = Non-vault monster count
 E = Vault monster count
 F = Vault count percentage of total count
                 A         B        C        D         E       F
            +---------+---------+-------+---------+---------+-------
      Total |     221 |     391 |  63.9 |      77 |      25 |  24.5
            +---------+---------+-------+---------+---------+-------
        D:1 |      50 |       0 |   0.0 |      29 |       0 |   0.0
        D:2 |      36 |      23 |  39.0 |      15 |       6 |  28.6
        D:3 |      79 |      22 |  21.8 |      30 |       7 |  18.9
        D:4 |      56 |     204 |  78.5 |       3 |       6 |  66.7
      Sewer |       0 |     142 | 100.0 |       0 |       6 | 100.0
            +---------+---------+-------+---------+---------+-------

Illustrated notes

Table legend:
 A = Kills in this place as a percentage of kills in entire the game.
 B = Kills by you in this place as a percentage of kills by you in the entire game.
 C = Kills by friends in this place as a percentage of kills by friends in the entire game.
 D = Other kills in this place as a percentage of other kills in the entire game.
 E = Experience gained in this place as a percentage of experience gained in the entire game.
 F = Experience gained in this place divided by the number of levels of this place that you have seen.
                   A       B       C       D       E      F
               +-------+-------+-------+-------+-------+----------------------
         Total | 100.0 | 100.0 |   N/A |   N/A | 100.0 | 122.4
       Dungeon |  94.1 |  94.1 |   N/A |   N/A |  76.8 | 117.5
         Sewer |   5.9 |   5.9 |   N/A |   N/A |  23.2 | 142.0
               +-------+-------+-------+-------+-------+----------------------

Table legend: (Time is in decaauts)
 A = Elapsed time spent in this place.
 B = Non-inter-level travel time spent in this place.
 C = Inter-level travel time spent in this place.
 D = Time resting spent in this place.
 E = Time spent auto-exploring this place.
 F = Levels seen in this place.
 G = Mean time per level.
                   A        B        C        D        E       F      G
               +--------+--------+--------+--------+--------+-----+--------+
         Total |   3715 |   3631 |     84 |      0 |   2872 |   5 |  743.0 |
       Dungeon |   3485 |   3401 |     84 |      0 |   2707 |   4 |  871.2 |
         Sewer |    230 |    230 |      0 |      0 |    165 |   1 |  230.0 |
               +--------+--------+--------+--------+--------+-----+--------+

Top non-repeatable levels by time:
     D:1: 1128 daAuts
     D:3: 1120 daAuts
     D:2: 931 daAuts
     D:4: 305 daAuts
   Sewer: 230 daAuts
